 Dungeon Crawl Stone Soup version 0.21.1-1-g345015f (webtiles) character file.

10763 Ceann the Geomancer (level 11, -7/66 HPs)
             Began as an Octopode Earth Elementalist on July 19, 2018.
             Was a Follower of Vehumet.
             Mangled by a seven-headed hydra (17 damage)
             ... on level 2 of the Lair of Beasts.
             The game lasted 00:41:30 (12852 turns).

Ceann the Geomancer (Octopode Earth Elementalist)  Turns: 12852, Time: 00:41:32

Health: -7/66      AC:  2    Str:  5    XL:     11   Next: 67%
Magic:  20/25      EV: 15    Int: 22    God:    Vehumet [*.....]
Gold:   835        SH:  0    Dex: 14    Spells: 22/31 levels left

rFire    . . .     SeeInvis +   o - +0 mace (protect)
rCold    + . .     Gourm    .   (no shield)
rNeg     . . .     Faith    .   z - +1 hat
rPois    .         Spirit   .   h - amulet of magic regeneration
rElec    .         Reflect  .   C - ring of protection from cold
rCorr    .         Harm     .   w - ring of see invisible
MR       +....     Clarity  +   G - ring of protection from magic (curse)
Stlth    ++++......             I - +2 ring of dexterity
HPRegen  0.21/turn              (no ring)
MPRegen  0.44/turn              (no ring)
                                (no ring)
                                (no ring)

@: no status effects
A: almost no armour, stealthy swim, amphibious, 8 rings, constrict 8, camouflage
1, blink, clarity, weak 1, gelatinous body 1
a: Blink, Renounce Religion


You were on level 2 of the Lair of Beasts.
You worshipped Vehumet.
Vehumet was aware of your devotion.
You were very hungry.

You visited 3 branches of the dungeon, and saw 14 of its levels.
You also visited: Ossuary.

You collected 835 gold pieces.

Inventory:

Hand Weapons
 o - a +0 mace of protection (weapon)
Missiles
 b - 146 stones (quivered)
Armour
 z - a +1 hat (worn)
Jewellery
 h - an amulet of magic regeneration (around mantle)
 w - a ring of see invisible (right tentacle)
 C - a ring of protection from cold (left tentacle)
 G - a cursed ring of protection from magic (on tentacle)
 I - a +2 ring of dexterity (on tentacle)
 K - an uncursed amulet of faith {unknown}
Wands
 r - a wand of polymorph (10)
 y - a wand of iceblast (5)
 E - a wand of clouds (2)
 F - a wand of random effects (22)
 J - a wand of disintegration (11)
Scrolls
 e - a scroll of fear
 g - 4 scrolls of identify
 j - 6 scrolls of teleportation
 k - 4 scrolls of amnesia
 q - 5 scrolls of remove curse
 s - a scroll of enchant weapon
 u - 2 scrolls of enchant armour
 v - 2 scrolls of magic mapping
 D - a scroll of blinking
Potions
 a - 5 potions of flight
 f - 3 potions of curing
 i - 3 potions of might
 l - a potion of mutation
 m - 3 potions of berserk rage
 n - 6 potions of lignification
 p - 4 potions of heal wounds
 t - 2 potions of ambrosia
 x - a potion of agility
 A - 4 potions of magic
 B - a potion of haste
Books
 d - a book of Geomancy

   Spells                             Type                      Level
   a - Sandblast                      Earth                        1
   b - Passwall                       Transmutation/Earth          2
   c - Stone Arrow                    Conjuration/Earth            3
   d - Petrify                        Transmutation/Earth          4
   e - Lee's Rapid Deconstruction     Earth                        5
Comestibles
 c - 18 rations
 H - a chunk of flesh


   Skills:
 + Level 2.8 Fighting
 + Level 2.2 Maces & Flails
 + Level 4.0 Dodging
 + Level 5.4 Stealth
 + Level 0.2 Unarmed Combat
 + Level 10.5 Spellcasting
 + Level 7.4 Conjurations
   Level 1.0 Transmutations
 + Level 10.7 Earth Magic


You had 22 spell levels left.
You knew the following spells:

 Your Spells              Type           Power        Failure   Level  Hunger
a - Sandblast             Erth           ######       1%          1    None
b - Stone Arrow           Conj/Erth      ######       1%          3    None
c - Lee's Rapid Deconstr  Erth           ######....   1%          5    ####...


Dungeon Overview and Level Annotations

Branches:
Dungeon (10/15)            Temple (1/1) D:5            Lair (3/6) D:8
  Swamp: Lair:2-4    Shoals: Lair:2-4     Snake: Lair:2-4    Spider: Lair:2-4
    Orc: D:9-12

Altars:
Ashenzari
Cheibriados
Dithmenos
Elyvilon
Fedhas
Gozag
Hepliaklqana
Kikubaaqudgha
Makhleb
Nemelex Xobeh
Okawaru
Qazlal
Ru
Sif Muna
Trog
Uskayaw
Vehumet
Wu Jian
Xom
Yredelemnul
Zin
The Shining One

Shops:
D:6 [

Annotations:
D:4 1 runed door, contendunt's ghost, amateur MiFi
D:10 Josephine


Innate Abilities, Weirdness & Mutations

You cannot wear most types of armour.
You are very stealthy in the water. (Stealth+)
You are amphibious.
You can wear up to eight rings at the same time.
You can use your tentacles to constrict eight enemies at once.
Your skin changes colour to match your surroundings (Stealth+).
Your rubbery body absorbs attacks. (AC +1, EV +1)
You can translocate small distances at will.
You possess an exceptional clarity of mind.
You are weak. (Str -2)


Message History

Your Dodging skill increases to level 4!
You see here a polar bear corpse.
You butcher the polar bear corpse.
You see here a chunk of flesh.
H - a chunk of flesh
There is a stone staircase leading up, spattered with blood here.
The seven-headed hydra bites you. The seven-headed hydra bites you!
The seven-headed hydra closely misses you.
The seven-headed hydra bites you! The seven-headed hydra misses you.
The seven-headed hydra barely misses you.
The seven-headed hydra bites you!
You climb upwards.
There is a stone staircase leading down here.
The seven-headed hydra bites you. The seven-headed hydra misses you.
The seven-headed hydra bites you. The seven-headed hydra bites you!
* * * LOW HITPOINT WARNING * * *
The seven-headed hydra bites you but does no damage.
The seven-headed hydra closely misses you.
The seven-headed hydra bites you!
You die...

#.#.##.#..# ##...#......
##...###..###...##......
##..#...................
#...........>...........
#.......................
#.......................
##...........≈..<.......
##.....D..≈≈≈≈≈.≈≈≈....
##(..#@...≈≈≈≈≈≈≈≈≈.... ##
#.......÷.≈≈≈≈≈≈≈≈≈≈#..
#.##..........≈≈≈≈≈≈≈≈.##.
##.............≈≈≈≈≈≈≈....
#..............≈.≈≈≈≈.....
#......................#.
##...............###..###.
#................###...##.
##.................#.#.....


You could see a seven-headed hydra.

Vanquished Creatures
  Erica (D:9)
  Pikel (D:9)
  Psyche (D:9)
  2 spiny frogs (Lair:2)
  A gargoyle (D:8)
  3 komodo dragons
  2 polar bears
  A troll (D:9)
  8 hippogriffs
  Sigmund (D:4)
  A basilisk (Lair:2)
  A hungry ghost (D:9)
  12 yaks
  3 vampire mosquitoes (D:8)
  2 water moccasins
  3 porcupines
  3 orc warriors
  A black bear (D:8)
  2 slaves (D:9)
  An eye of draining (D:9)
  An ogre (D:8)
  2 phantoms (D:8)
  4 centaurs
  A crocodile (D:9)
  Blork the orc (D:5)
  6 bullfrogs
  A scorpion (D:8)
  4 crimson imps
  A bullfrog zombie (D:9)
  A centaur zombie (D:7)
  3 hounds
  A bullfrog skeleton (D:9)
  2 orc priests (D:3)
  A centaur skeleton (D:8)
  2 jellies
  2 orc wizards
  Ijyb (D:4)
  5 iguanas
  4 worker ants
  A hound zombie (D:6)
  2 hound skeletons
  8 mummies (Ossuary)
  A worker ant zombie (D:9)
  4 gnolls (D:6)
  8 adders
  A shadow imp (D:7)
  An adder skeleton (D:6)
  3 adder zombies
  A worm (D:2)
  3 dart slugs
  6 leopard geckos
  15 orcs
  7 bats
  9 giant cockroaches
  5 goblins
  2 hobgoblins
  9 jackals
  6 quokkas
  A ball python (D:2)
  4 frilled lizards
  3 gnoll zombies (Ossuary)
  A jackal zombie (D:6)
  7 kobolds
  3 kobold zombies (Ossuary)
  A leopard gecko zombie (D:7)
  3 orc zombies
  A quokka skeleton (D:7)
  9 rats
  A rat zombie (D:6)
219 creatures vanquished.

Vanquished Creatures (others)
  An orc wizard (D:7)
1 creature vanquished.

Grand Total: 220 creatures vanquished

Notes
Turn   | Place    | Note
-------+----------+-------------------------------------------
     0 | D:1      | Ceann the Octopode Earth Elementalist began the quest for the Orb.
     0 | D:1      | Reached XP level 1. HP: 11/11 MP: 3/3
   286 | D:1      | Reached XP level 2. HP: 17/17 MP: 3/5
  1042 | D:2      | Reached XP level 3. HP: 21/21 MP: 3/6
  1076 | D:2      | Found a faded altar of an unknown god.
  1248 | D:2      | Found an iron altar of Okawaru.
  1677 | D:2      | Reached XP level 4. HP: 16/27 MP: 0/8
  2415 | D:3      | Reached XP level 5. HP: 6/32 MP: 5/10
  2861 | D:3      | Found a basalt altar of Yredelemnul.
  3344 | D:3      | Learned a level 3 spell: Stone Arrow
  3385 | D:4      | Noticed Ijyb
  3385 | D:4      | Noticed contendunt's ghost (amateur MiFi)
  3686 | D:4      | Noticed Sigmund
  3689 | D:3      | Reached skill level 5 in Earth Magic
  3689 | D:3      | Reached XP level 6. HP: 24/37 MP: 9/11
  3797 | D:4      | Killed Sigmund
  3949 | D:4      | Found a runed door.
  4008 | D:4      | Noticed a phantom
  4254 | D:4      | Reached XP level 7. HP: 19/42 MP: 7/13
  4261 | D:4      | Killed Ijyb
  4466 | D:5      | Entered Level 5 of the Dungeon
  4466 | D:5      | Found a staircase to the Ecumenical Temple.
  4474 | Temple   | Entered the Ecumenical Temple
  4724 | D:5      | Reached skill level 1 in Fighting
  4849 | D:5      | Reached skill level 5 in Spellcasting
  5113 | D:5      | Found an ornate altar of the Wu Jian Council.
  5295 | D:5      | Noticed Blork the orc
  5302 | D:5      | Killed Blork the orc
  5670 | D:6      | Found a sand-covered staircase.
  5681 | Ossuary  | Entered an ossuary
  5931 | Ossuary  | Reached XP level 8. HP: 48/48 MP: 12/16
  6365 | D:6      | Reached skill level 1 in Conjurations
  6442 | D:6      | Found Xianivume's Armour Shop.
  7195 | D:7      | Noticed a hippogriff
  7254 | D:7      | Killed a hippogriff
  7254 | D:7      | Reached skill level 1 in Maces & Flails
  7442 | D:7      | Noticed a hippogriff
  7448 | D:7      | Killed a hippogriff
  7528 | D:7      | Reached XP level 9. HP: 53/53 MP: 15/19
  8328 | D:8      | Found a shimmering altar of Xom.
  8342 | D:8      | Found a staircase to the Lair.
  8444 | D:8      | Found a radiant altar of Vehumet.
  8449 | D:8      | Found a snail-covered altar of Cheibriados.
  8454 | D:8      | Became a worshipper of Vehumet
  8568 | D:8      | Found a shadowy altar of Dithmenos.
  8573 | D:8      | Found a bloodstained altar of Trog.
  8577 | D:8      | Found a hide-covered altar of Uskayaw.
  8722 | D:8      | Noticed a gargoyle
  8728 | D:8      | Killed a gargoyle
  9029 | D:9      | Found a blossoming altar of Fedhas.
  9035 | D:9      | Found a stormy altar of Qazlal.
  9046 | D:9      | Reached skill level 5 in Conjurations
  9046 | D:9      | Reached XP level 10. HP: 51/60 MP: 6/22
  9063 | D:9      | Reached skill level 5 in Stealth
  9088 | D:8      | HP: 3/60 [yak (17)]
  9559 | D:9      | Noticed Erica
  9568 | D:9      | Killed Erica
 10095 | D:9      | Gained mutation: You can translocate small distances at will. [potion of mutation]
 10095 | D:9      | Gained mutation: You are weak. (Str -2) [potion of mutation]
 10095 | D:9      | Gained mutation: You possess an exceptional clarity of mind. [potion of mutation]
 10175 | D:9      | Reached * piety under Vehumet
 10175 | D:9      | Offered knowledge of Shock by Vehumet.
 10191 | D:9      | Noticed Pikel
 10251 | D:9      | Killed Pikel
 10548 | D:9      | Noticed Psyche
 10554 | D:9      | Killed Psyche
 10554 | D:9      | Reached skill level 10 in Earth Magic
 10554 | D:9      | Reached XP level 11. HP: 65/65 MP: 14/24
 10565 | D:9      | Learned a level 5 spell: Lee's Rapid Deconstruction
 10899 | D:10     | Entered Level 10 of the Dungeon
 10899 | D:10     | Noticed Josephine
 10958 | Lair:1   | Entered Level 1 of the Lair of Beasts
 10963 | Lair:1   | Identified the Compendium of Creative Self-Improvement
 11834 | Lair:2   | Reached skill level 10 in Spellcasting
 12841 | Lair:3   | Noticed a seven-headed hydra
 12852 | Lair:2   | Mangled by a seven-headed hydra

Skill      XL: |  1  2  3  4  5  6  7  8  9 10 11 |
---------------+----------------------------------+-----
Stealth        | 3 4 5 |  5.4
Spellcasting   | 3 4 5 6 8 9 10 | 10.5
Earth Magic    | 4 5 6 7 8 10 | 10.7
Fighting       | 1 2 |  2.8
Conjurations   | 2 5 6 7 |  7.4
Maces & Flails | 1 2 |  2.2
Dodging        | 3 4 |  4.0
Unarmed Combat | |  0.2
Transmutations | |  1.0

Action                   |  1- 3 |  4- 6 |  7- 9 | 10-12 || total
-------------------------+-------+-------+-------+-------++-------
Melee: Unarmed           |    12 |    12 |       |       ||    24
       Constrict         |     5 |     5 |     8 |     5 ||    23
       Tentacles         |     2 |     3 |     5 |     1 ||    11
       Mace              |       |    19 |    27 |    18 ||    64
 Cast: Sandblast         |    57 |    82 |    76 |     3 ||   218
       Stone Arrow       |       |     6 |   117 |   166 ||   289
  Use: Scroll            |     5 |     1 |     1 |    15 ||    22
       Potion            |     1 |       |       |     2 ||     3
  Eat: Chunk             |     2 |     4 |     6 |     8 ||    20
       Ration            |       |     1 |     3 |     1 ||     5
Armor: Skin              |     5 |     8 |    15 |     8 ||    36
Dodge: Dodged            |    39 |    82 |    75 |    62 ||   258
